 Dungeon Crawl Stone Soup version 0.22.1-1-ga44c0e56f4 (webtiles) character file.

905 PikkenKukken the Ruffian (level 7, 0/70 HPs)
             Began as a Troll Monk on Oct 3, 2018.
             Slain by an orc warrior
             ... wielding a +0 long sword
              (19 damage)
             ... on level 3 of the Dungeon.
             The game lasted 00:05:14 (3265 turns).

PikkenKukken the Ruffian (Troll Monk)               Turns: 3265, Time: 00:05:14

Health: 0/70       AC:  7    Str: 20    XL:     7   Next: 80%
Magic:  6/6        EV: 11    Int:  8    God:
Gold:   209        SH:  0    Dex: 12    Spells: 6/6 levels left

rFire    . . .     SeeInvis .     - Unarmed
rCold    + . .     Gourm    +   (no shield)
rNeg     . . .     Faith    .   q - +2 robe {rC+}
rPois    .         Spirit   .   (helmet restricted)
rElec    .         Reflect  .   (no cloak)
rCorr    .         Harm     .   (gloves unavailable)
MR       .....                  (boots unavailable)
Stlth    ++........             f - amulet of magic regeneration
HPRegen  0.61/turn              (no ring)
MPRegen  0.35/turn              (no ring)

@: no status effects
A: large, unfitting armour, claws 3, fast metabolism 3, gourmand, regeneration
1, shaggy fur 1, tough skin 2
a: no special abilities


You were on level 3 of the Dungeon.
You were very full.

You visited 1 branch of the dungeon, and saw 5 of its levels.

You collected 209 gold pieces.

Inventory:

Missiles
 g - 16 poisoned needles
 k - 4 curare-tipped needles
Armour
 a - a +1 robe
 q - a +2 robe of cold resistance (worn)
Jewellery
 f - an amulet of magic regeneration (around neck)
 o - an uncursed ring of wizardry {unknown}
Wands
 j - a wand of iceblast (7)
 s - a wand of clouds (6)
Scrolls
 c - 2 scrolls of identify
 p - 2 scrolls of blinking
Potions
 d - 2 potions of flight
 e - a potion of invisibility {unknown}
 h - 2 potions of mutation {unknown}
 i - a potion of heal wounds {unknown}
 l - a potion of haste {unknown}
 m - 2 potions of curing {unknown}
 n - a potion of berserk rage {unknown}
Comestibles
 b - 12 rations


   Skills:
 + Level 4.1 Fighting
 + Level 3.3 Throwing
 + Level 4.1 Dodging
 - Level 1.0 Stealth
 * Level 6.4 Unarmed Combat


You had 6 spell levels left.
You didn't know any spells.
Your spell library was empty.

Dungeon Overview and Level Annotations

Branches:
Dungeon (5/15)
 Temple: D:4-7

Altars:
Gozag
Qazlal
Wu Jian
Zin


Innate Abilities, Weirdness & Mutations

You are too large for most types of armour.
You have claws for hands.
Your metabolism is lightning-fast.
You like to eat raw meat.
Your natural rate of healing is unusually fast.
You are covered in fur. (AC +1)
You have very tough skin. (AC +2)


Message History

You see here a dagger.
The orc priest begins to cast a cantrip, but forgets the words!
There is a stone staircase leading up here.
The orc warrior closely misses you.
You climb upwards.
There is a stone staircase leading down here.
The orc warrior hits you with a long sword!
* * * LOW HITPOINT WARNING * * *
Things that are here:
a ring mail; a spear You scratch the orc warrior.
The orc warrior is moderately wounded.
You barely miss the orc warrior.
The orc warrior is moderately wounded.
The orc warrior hits you with a long sword.
* * * LOW HITPOINT WARNING * * *
You closely miss the orc warrior.
The orc warrior is moderately wounded.
The orc warrior hits you with a long sword!!
You die...

#.... #....
###.. #.. ###
########
##.<(.>)#####...
#......[o.......
#.......@####..#
#..#.....#
#..#.##.##
#.......#
#.......#
#.##.##.# #. ..
..# ## ##


You could see an orc warrior.

Vanquished Creatures
  Pikel (D:4)
  A slave (D:4)
  A scorpion (D:4)
  A bullfrog skeleton (D:4)
  An orc wizard (D:4)
  A centaur skeleton (D:5)
  3 worker ants
  A hound skeleton (D:5)
  7 adders
  3 gnolls (D:3)
  2 river rats (D:3)
  A shadow imp (D:5)
  An ooze (D:3)
  2 worms (D:3)
  2 dart slugs
  6 leopard geckos
  12 orcs
  2 ball pythons
  9 giant cockroaches
  3 goblins
  5 hobgoblins (D:1)
  8 kobolds
  A quokka (D:5)
  9 bats
  4 frilled lizards
  11 rats
98 creatures vanquished.

Notes
Turn   | Place    | Note
-------+----------+-------------------------------------------
     0 | D:1      | PikkenKukken the Troll Monk began the quest for the Orb.
     0 | D:1      | Reached XP level 1. HP: 22/22 MP: 0/0
    30 | D:1      | Reached XP level 2. HP: 14/29 MP: 1/1
   305 | D:1      | Reached XP level 3. HP: 36/36 MP: 2/2
   978 | D:2      | Reached skill level 1 in Throwing
  1164 | D:2      | Reached XP level 4. HP: 37/44 MP: 3/3
  1248 | D:2      | Reached skill level 4 in Unarmed Combat
  1261 | D:2      | Found an opulent altar of Gozag.
  1261 | D:2      | Found a faded altar of an unknown god.
  1266 | D:2      | Found a glowing silver altar of Zin.
  1268 | D:2      | Found an ornate altar of the Wu Jian Council.
  1269 | D:2      | Found a faded altar of an unknown god.
  1670 | D:3      | Found a glowing drain.
  1699 | D:3      | Reached XP level 5. HP: 45/53 MP: 4/4
  1863 | D:3      | You fall through a shaft for 2 floors!
  1863 | D:5      | Entered Level 5 of the Dungeon
  2251 | D:5      | Noticed an orc warrior
  2412 | D:3      | Reached XP level 6. HP: 47/61 MP: 5/5
  2523 | D:4      | Reached skill level 5 in Unarmed Combat
  2840 | D:4      | Found a stormy altar of Qazlal.
  3187 | D:4      | Noticed a slave
  3188 | D:4      | Noticed a slave
  3188 | D:4      | Noticed a slave
  3189 | D:4      | Noticed Pikel
  3194 | D:4      | Noticed a slave
  3200 | D:4      | Killed a slave
  3209 | D:4      | Killed Pikel
  3209 | D:4      | Reached skill level 6 in Unarmed Combat
  3209 | D:4      | Reached XP level 7. HP: 58/70 MP: 6/6
  3265 | D:3      | Slain by an orc warrior

Skill      XL: |  1  2  3  4  5  6 |
---------------+-------------------+-----
Throwing       | 1 2 3 |  3.3
Unarmed Combat | 4 6 |  6.4
Dodging        | 3 4 |  4.1
Fighting       | 3 4 |  4.1
Stealth        | |  1.0

Action                   |  1- 3 |  4- 6 |  7- 9 || total
-------------------------+-------+-------+-------++-------
Melee: Unarmed           |   100 |   218 |     9 ||   327
       Punch             |       |     2 |       ||     2
  Use: Scroll            |     2 |     6 |       ||     8
 Stab: Sleeping          |     6 |     2 |       ||     8
       Distracted        |       |     1 |       ||     1
  Eat: Chunk             |    16 |    19 |       ||    35
Armor: Robe              |    36 |    48 |     2 ||    86
Dodge: Dodged            |    63 |   119 |     7 ||   189
